 Dungeon Crawl Stone Soup version 0.24.0-13-gcf9b3192b9 (webtiles) character file.

Game seed: 2822972503848916118, levelgen mode: deterministic

32 Iamsoldier the Shooter (level 3, -2/21 HPs)
             Began as a Tengu Hunter on Nov 9, 2019.
             Slain by a worker ant (3 damage)
             ... on level 3 of the Dungeon.
             The game lasted 00:08:10 (1346 turns).

Iamsoldier the Shooter (Tengu Hunter)               Turns: 1346, Time: 00:08:11

Health: -2/21      AC:  3    Str: 12    XL:     3   Next: 25%
Magic:  4/4        EV: 12    Int: 11    God:
Gold:   141        SH:  0    Dex: 15    Spells: 2/2 levels left

rFire    . . .     SeeInvis .   b - +2 whip (venom)
rCold    . . .     Gourm    .   (no shield)
rNeg     . . .     Faith    .   c - +0 leather armour
rPois    .         Spirit   .   o - +0 hat
rElec    .         Reflect  .   (no cloak)
rCorr    .         Harm     .   (no gloves)
MR       .....                  (boots unavailable)
Stlth    +++.......             (no amulet)
HPRegen  0.07/turn              n - ring of stealth
MPRegen  0.09/turn              (no ring)

@: lethally poisoned (-2 -> -11), slowed, very slow
A: beak, talons 3
a: no special abilities


You were on level 3 of the Dungeon.
You were not hungry.

You visited 1 branch of the dungeon, and saw 3 of its levels.

You collected 141 gold pieces.

Inventory:

Hand Weapons
 a - a +1 shortbow
 b - a +2 whip of venom (weapon)
Missiles
 d - 69 arrows
 e - 10 bolts
Armour
 c - a +0 leather armour (worn)
 o - a +0 hat (worn)
 p - a +0 buckler
Jewellery
 n - a ring of stealth (left hand)
 r - a cursed ring of attention {unknown}
 s - a +2 amulet of reflection {unknown}
Scrolls
 i - 4 scrolls of identify {unknown}
 j - a scroll of random uselessness {unknown}
 m - 4 scrolls of remove curse {unknown}
 v - a scroll of teleportation {unknown}
 w - a scroll of noise {unknown}
 x - a scroll of fog {unknown}
Potions
 g - 3 potions of heal wounds {unknown}
 h - 2 potions of berserk rage {unknown}
 k - a potion of mutation {unknown}
 l - a potion of degeneration {unknown}
 q - a potion of magic {unknown}
 t - a potion of curing {unknown}
 u - a potion of flight {unknown}
 z - a potion of resistance {unknown}
Comestibles
 f - 9 rations


   Skills:
 + Level 2.2 Fighting
 + Level 0.6 Maces & Flails
 + Level 4.9 Bows
 + Level 2.5 Dodging
 + Level 1.4 Stealth


You had 2 spell levels left.
You didn't know any spells.
Your spell library was empty.

Dungeon Overview and Level Annotations

Branches:
Dungeon (3/15)

Altars:

Annotations:
D:3 Jessica


Innate Abilities, Weirdness & Mutations

You have a beak for a mouth.
You have claws for feet.


Message History

A rat comes into view.
You feel sick. Jessica hits you but does no damage.
The worker ant closely misses you.
You feel sick. Jessica hits you but does no damage.
Jessica casts a spell.
Jessica seems to speed up.
You feel sick. Jessica hits you with a +0 club.
You closely miss Jessica.
You feel sick. Jessica barely misses you.
Jessica shouts, "Stop bothering me, or I'll kill you!"
Jessica hits you with a +0 club. The worker ant bites you.
You are lethally poisoned!
The worker ant poisons you! Jessica hits you with a +0 club.
You feel sick. The worker ant barely misses you.
* * * LOW HITPOINT WARNING * * *
You feel sick. The worker ant bites you.
* * * LOW HITPOINT WARNING * * *
* * * LOW HITPOINT WARNING * * *
You feel sick. The worker ant bites you.
You die...

.# .## ##### ..
#...### #.###
#.<...## ...######.
#...#.@#####
#.......<.
###.##.a@..###..(...#
#.######......†...#
#.. #####......# ###.
#......# . ...##.....
. ..... ..r## .......
.## ..^...... .


You could see a worker ant and Jessica.

Vanquished Creatures
  An adder (D:2)
  A dart slug (D:1)
  A leopard gecko (D:2)
  5 bats
  A giant cockroach (D:1)
  2 hobgoblins (D:1)
  2 jackals (D:1)
  5 kobolds
  3 rats
21 creatures vanquished.

Notes
Turn   | Place    | Note
-------+----------+-------------------------------------------
     0 | D:1      | Iamsoldier the Tengu Hunter began the quest for the Orb.
     0 | D:1      | Reached XP level 1. HP: 12/12 MP: 2/2
   422 | D:1      | Reached XP level 2. HP: 16/17 MP: 3/3
  1036 | D:2      | Reached XP level 3. HP: 21/21 MP: 4/4
  1333 | D:3      | Noticed Jessica
  1346 | D:3      | HP: 1/21 [poisoned by a worker ant]
  1346 | D:3      | Slain by a worker ant

Levels and vault maps discovered:
D:1:      mrwooster_arrival_statue_2, layout_loops_ring,
          minmay_misc_feat_diagonals
D:2:      layout_rooms
D:3:      layout_rooms, nemelex_xobeh_ov_fountains_minmay,
          trog_three_pillars_becter, uniq_sigmund, uniq_natasha, uniq_jessica

Action                   || total
-------------------------++-------
Melee: Short sword       ||     7
       Peck              ||     6
       Whip              ||    17
       Kick              ||     2
 Fire: Shortbow          ||    17
 Stab: Sleeping          ||     3
  Eat: Chunk             ||     1
Armor: Leather armour    ||     5
Dodge: Dodged            ||    17
